TOP OF THE 1ST |
Wisconsin Timber Rattlers batting - Pitching for Tuscaloosa Trout Slayers : RHP Fernando Rodríguez
|
Pitching: RHP Fernando Rodríguez
|
|
Batting: RHB Greg King
|
0-0: Called Strike 0-1: Ground out 6-3 (Groundball, 6)
|
Batting: RHB Dick Slagboom
|
0-0: Ball 1-0: Fly out, F4 (Line Drive, 4M)
|
Batting: LHB George Smith
|
0-0: Ball 1-0: Foul Ball, location: 2F 1-1: Ball 2-1: Ball 3-1: Swinging Strike 3-2: SINGLE (Line Drive, 9LS)
|
Batting: RHB Vicente Vélez
|
0-0: Called Strike 0-1: Ball 1-1: Swinging Strike 1-2: Foul Ball, location: 2F 1-2: Ball 2-2: Foul Ball, location: 2F 2-2: Ball 3-2: Base on Balls George Smith to second
|
Batting: RHB Bailey Ramsey
|
0-0: Ball 1-0: Called Strike 1-1: Ball 2-1: Ball 3-1: Called Strike 3-2: Base on Balls George Smith to third Vicente Vélez to second
|
Batting: RHB Fraser Stanton
|
0-0: Swinging Strike 0-1: Foul Ball, location: 2F 0-2: Ball 1-2: Ball 2-2: Foul Ball, location: 2F 2-2: TRIPLE (Groundball, 3L) George Smith scores Vicente Vélez scores Bailey Ramsey scores
|
Batting: RHB William Farmer
|
0-0: Called Strike 0-1: Ball 1-1: Swinging Strike 1-2: Ball 2-2: Foul Ball, location: 2F 2-2: Strikes out swinging
|
Top of the 1st over - 3 run(s), 2 hit(s), 0 error(s), 1 left on base; Wisconsin 3 - Tuscaloosa 0 |
BOTTOM OF THE 1ST |
Tuscaloosa Trout Slayers batting - Pitching for Wisconsin Timber Rattlers : RHP Guy Hebert
|
Pitching: RHP Guy Hebert
|
|
Batting: RHB Shigemasa Ishida
|
0-0: Ball 1-0: Ball 2-0: Ball 3-0: Base on Balls
|
Batting: LHB Marcos Villarreal
|
0-0: Called Strike 0-1: 2-RUN HOME RUN (Line Drive, 8LD), Distance : 433 ft
|
Batting: RHB Lowie van den Bogaert
|
0-0: Foul Ball, location: 2F 0-1: Foul Ball, location: 2F 0-2: Ball 1-2: Foul Ball, location: 2F 1-2: Ball 2-2: Foul Ball, location: 2F 2-2: SINGLE (Line Drive, 56)
|
Batting: RHB Ben Morton
|
0-0: SINGLE (Flyball, 9LM) Lowie van den Bogaert to second Runner from 2nd tries for 3rd, SAFE, throw made to third
|
Batting: LHB António Cedeño
|
0-0: Called Strike 0-1: Called Strike 0-2: Strikes out swinging
|
Batting: RHB Lawrence Yates
|
0-0: Called Strike 0-1: Ball 1-1: Swinging Strike 1-2: Foul Ball, location: 2F 1-2: Ball 2-2: Fly out, F7 (Flyball, 7LS)
|
Batting: LHB Mark Owens
|
0-0: Foul Ball, location: 2F 0-1: Ball 1-1: Swinging Strike 1-2: Ball 2-2: Strikes out swinging
|
Bottom of the 1st over - 2 run(s), 3 hit(s), 0 error(s), 2 left on base; Wisconsin 3 - Tuscaloosa 2 |
TOP OF THE 2ND |
Wisconsin Timber Rattlers batting - Pitching for Tuscaloosa Trout Slayers : RHP Fernando Rodríguez
|
Batting: RHB Danny Campbell
|
0-0: Ball 1-0: Ball 2-0: Called Strike 2-1: Swinging Strike 2-2: Strikes out looking
|
Batting: SHB José López
|
0-0: Ball 1-0: Ball 2-0: SINGLE (Groundball, 3D)
|
Batting: RHB Greg King
|
0-0: Ball 1-0: Ball 2-0: Ball 3-0: Called Strike 3-1: Foul Ball, location: 2F 3-2: Strikes out swinging
|
Batting: RHB Dick Slagboom
|
0-0: Ball 1-0: Foul Ball, location: 2F 1-1: Ball 2-1: Foul Ball, location: 2F 2-2: Ball 3-2: Foul Ball, location: 2F 3-2: SINGLE (Groundball, 6M) (infield hit) José López to second
|
Batting: LHB George Smith
|
0-0: Ball 1-0: Called Strike 1-1: Ball 2-1: SINGLE (Groundball, 34D) José López to third Dick Slagboom to second Runner from 3rd tries for Home, SAFE, no throw
|
Batting: RHB Vicente Vélez
|
0-0: Ball 1-0: Foul Ball, location: 2F 1-1: Ball 2-1: Foul Ball, location: 2F 2-2: Ball 3-2: Strikes out looking
|
Top of the 2nd over - 1 run(s), 3 hit(s), 0 error(s), 2 left on base; Wisconsin 4 - Tuscaloosa 2 |
BOTTOM OF THE 2ND |
Tuscaloosa Trout Slayers batting - Pitching for Wisconsin Timber Rattlers : RHP Guy Hebert
|
Batting: LHB Ed Hart
|
0-0: Called Strike 0-1: Called Strike 0-2: Foul Ball, location: 2F 0-2: Strikes out swinging
|
Batting: RHB José Ortega
|
0-0: Ball 1-0: Foul Ball, location: 2F 1-1: Fly out, F2 (Popup, 25)
|
Batting: RHB Shigemasa Ishida
|
0-0: Ball 1-0: Ball 2-0: Fly out, F7 (Flyball, 7LMF)
|
Bottom of the 2nd over - 0 run(s), 0 hit(s), 0 error(s), 0 left on base; Wisconsin 4 - Tuscaloosa 2 |
TOP OF THE 3RD |
Wisconsin Timber Rattlers batting - Pitching for Tuscaloosa Trout Slayers : RHP Fernando Rodríguez
|
Batting: RHB Bailey Ramsey
|
0-0: Foul Ball, location: 2F 0-1: Swinging Strike 0-2: Ball 1-2: Foul Ball, location: 2F 1-2: Foul Ball, location: 2F 1-2: Foul Ball, location: 2F 1-2: Fly out, F9 (Line Drive, 9)
|
Batting: RHB Fraser Stanton
|
0-0: Ball 1-0: Ball 2-0: Foul Ball, location: 2F 2-1: Foul Ball, location: 2F 2-2: SINGLE (Groundball, 56D)
|
Batting: RHB William Farmer
|
0-0: Called Strike 0-1: Ball 1-1: Ball 2-1: Foul Ball, location: 2F 2-2: Foul Ball, location: 2F 2-2: Fielders Choice at 2nd, 5-4 (Groundball, 56)
|
Batting: RHB Danny Campbell
|
0-0: SINGLE (Flyball, 7S) William Farmer to second
|
Batting: SHB José López
|
0-0: Ball 1-0: Fly out, F7 (Line Drive, 78S)
|
Top of the 3rd over - 0 run(s), 2 hit(s), 0 error(s), 2 left on base; Wisconsin 4 - Tuscaloosa 2 |
BOTTOM OF THE 3RD |
Tuscaloosa Trout Slayers batting - Pitching for Wisconsin Timber Rattlers : RHP Guy Hebert
|
Batting: LHB Marcos Villarreal
|
0-0: Ball 1-0: Fly out, F8 (Flyball, 89S)
|
Batting: RHB Lowie van den Bogaert
|
0-0: Swinging Strike 0-1: Fly out, F4 (Popup, 34S)
|
Batting: RHB Ben Morton
|
0-0: Ball 1-0: DOUBLE (Flyball, 9D)
|
Batting: LHB António Cedeño
|
0-0: Ball 1-0: Called Strike 1-1: Swinging Strike 1-2: Foul Ball, location: 2F 1-2: Ball 2-2: Ball 3-2: Base on Balls
|
Batting: RHB Lawrence Yates
|
0-0: Ball 1-0: Ball Wild Pitch! Ben Morton to third António Cedeño to second 2-0: Ball 3-0: Called Strike 3-1: Base on Balls
|
Batting: LHB Mark Owens
|
0-0: Called Strike 0-1: Ground out 3-1 (Groundball, 23)
|
Bottom of the 3rd over - 0 run(s), 1 hit(s), 0 error(s), 3 left on base; Wisconsin 4 - Tuscaloosa 2 |
TOP OF THE 4TH |
Wisconsin Timber Rattlers batting - Pitching for Tuscaloosa Trout Slayers : RHP Fernando Rodríguez
|
Batting: RHB Greg King
|
0-0: Foul Ball, location: 2F 0-1: Swinging Strike 0-2: Ball 1-2: Foul Ball, location: 2F 1-2: Strikes out swinging
|
Batting: RHB Dick Slagboom
|
0-0: Foul Ball, location: 2F 0-1: Ball 1-1: Called Strike 1-2: Ball 2-2: Ball 3-2: Strikes out swinging
|
Batting: LHB George Smith
|
0-0: Foul Ball, location: 2F 0-1: Foul Ball, location: 2F 0-2: Foul Ball, location: 2F 0-2: SOLO HOME RUN (Flyball, 8RXD), Distance : 436 ft
|
Batting: RHB Vicente Vélez
|
0-0: Fly out, F8 (Flyball, 8RD)
|
Top of the 4th over - 1 run(s), 1 hit(s), 0 error(s), 0 left on base; Wisconsin 5 - Tuscaloosa 2 |
BOTTOM OF THE 4TH |
Tuscaloosa Trout Slayers batting - Pitching for Wisconsin Timber Rattlers : RHP Guy Hebert
|
Batting: LHB Ed Hart
|
0-0: Swinging Strike 0-1: Foul Ball, location: 2F 0-2: Strikes out swinging
|
Batting: RHB José Ortega
|
0-0: DOUBLE (Line Drive, 78D)
|
Batting: RHB Shigemasa Ishida
|
0-0: Ball 1-0: Called Strike 1-1: Ball 2-1: Ball 3-1: Base on Balls
|
Batting: LHB Marcos Villarreal
|
0-0: Swinging Strike 0-1: Foul Ball, location: 2F 0-2: SINGLE (Groundball, 6MD) José Ortega to third Shigemasa Ishida to second Runner from 3rd tries for Home, SAFE, throw made home Shigemasa Ishida to third Marcos Villarreal to second
|
Batting: RHB Lowie van den Bogaert
|
0-0: Ball 1-0: Foul Ball, location: 2F 1-1: Ground out 4-3 (Groundball, 4) Shigemasa Ishida scores Marcos Villarreal to third
|
Batting: RHB Ben Morton
|
0-0: Ball 1-0: Ground out 5-3 (Groundball, 56S)
|
Bottom of the 4th over - 2 run(s), 2 hit(s), 0 error(s), 1 left on base; Wisconsin 5 - Tuscaloosa 4 |
TOP OF THE 5TH |
Wisconsin Timber Rattlers batting - Pitching for Tuscaloosa Trout Slayers : RHP Fernando Rodríguez
|
Pitching: RHP Jules Côté
|
|
Batting: RHB Bailey Ramsey
|
0-0: Ground out 1-3 (Groundball, 13S)
|
Batting: RHB Fraser Stanton
|
0-0: Ball 1-0: Foul Ball, location: 2F 1-1: Foul Ball, location: 2F 1-2: Ball 2-2: Strikes out swinging
|
Batting: RHB William Farmer
|
0-0: Ball 1-0: Ball 2-0: Ball 3-0: Base on Balls
|
Batting: RHB Danny Campbell
|
0-0: Ball 1-0: Ball 2-0: Ball 3-0: Called Strike 3-1: SINGLE (Flyball, 78S) William Farmer to second
|
Batting: SHB José López
|
0-0: Called Strike 0-1: Ball 1-1: SINGLE (Groundball, 3D) William Farmer to third Danny Campbell to second Runner from 3rd tries for Home, throw and OUT!
|
Top of the 5th over - 0 run(s), 2 hit(s), 0 error(s), 2 left on base; Wisconsin 5 - Tuscaloosa 4 |
BOTTOM OF THE 5TH |
Tuscaloosa Trout Slayers batting - Pitching for Wisconsin Timber Rattlers : RHP Guy Hebert
|
Batting: LHB António Cedeño
|
0-0: Ball 1-0: Fly out, F2 (Popup, 25)
|
Batting: RHB Lawrence Yates
|
0-0: Swinging Strike 0-1: Ball 1-1: Foul Ball, location: 2F 1-2: SOLO HOME RUN (Flyball, 7D), Distance : 360 ft
|
Pitching: LHP Nathan Ortíz
|
|
Batting: LHB Mark Owens
|
0-0: Called Strike 0-1: Ball 1-1: Called Strike 1-2: Strikes out looking
|
Batting: LHB Ed Hart
|
0-0: Ball 1-0: Foul Ball, location: 2F 1-1: Ball 2-1: Ball 3-1: Foul Ball, location: 2F 3-2: SOLO HOME RUN (Flyball, 89XD), Distance : 394 ft
|
Batting: RHB José Ortega
|
0-0: Called Strike 0-1: Ball 1-1: SINGLE (Line Drive, 6M)
|
Batting: RHB Shigemasa Ishida
|
0-0: Called Strike 0-1: Ball 1-1: Called Strike 1-2: Ball 2-2: Ball 3-2: Fly out, F7 (Flyball, 7LM)
|
Bottom of the 5th over - 2 run(s), 3 hit(s), 0 error(s), 1 left on base; Wisconsin 5 - Tuscaloosa 6 |
TOP OF THE 6TH |
Wisconsin Timber Rattlers batting - Pitching for Tuscaloosa Trout Slayers : RHP Jules Côté
|
Batting: RHB Greg King
|
0-0: Called Strike 0-1: Foul Ball, location: 2F 0-2: Ball 1-2: Foul Ball, location: 2F 1-2: Foul Ball, location: 2F 1-2: Foul Ball, location: 2F 1-2: Foul Ball, location: 2F 1-2: Strikes out swinging
|
Batting: RHB Dick Slagboom
|
0-0: Called Strike 0-1: Foul Ball, location: 2F 0-2: Foul Ball, location: 2F 0-2: Ball 1-2: Ball 2-2: SINGLE (Groundball, 6MD)
|
Batting: LHB George Smith
|
0-0: Foul Ball, location: 2F 0-1: Ball 1-1: Ball 2-1: 2-RUN HOME RUN (Flyball, 9D), Distance : 392 ft
|
Pitching: RHP Juan Patino
|
|
Batting: RHB Vicente Vélez
|
0-0: Foul Ball, location: 2F 0-1: SINGLE (Groundball, 56D)
|
Batting: RHB Bailey Ramsey
|
0-0: Called Strike 0-1: Foul Ball, location: 2F 0-2: SINGLE (Groundball, 6) (infield hit) Vicente Vélez to second
|
Batting: RHB Fraser Stanton
|
0-0: Ball 1-0: Called Strike 1-1: Foul Ball, location: 2F 1-2: Foul Ball, location: 2F 1-2: Strikes out swinging
|
Batting: RHB William Farmer
|
0-0: Called Strike 0-1: Ball 1-1: Ball 2-1: Foul Ball, location: 2F 2-2: Strikes out looking
|
Top of the 6th over - 2 run(s), 4 hit(s), 0 error(s), 2 left on base; Wisconsin 7 - Tuscaloosa 6 |
BOTTOM OF THE 6TH |
Tuscaloosa Trout Slayers batting - Pitching for Wisconsin Timber Rattlers : LHP Nathan Ortíz
|
Batting: LHB Marcos Villarreal
|
0-0: Ball 1-0: Foul Ball, location: 2F 1-1: Foul Ball, location: 2F 1-2: Foul Ball, location: 2F 1-2: Foul Ball, location: 2F 1-2: Ball 2-2: SINGLE (Line Drive, 6D)
|
Batting: RHB Lowie van den Bogaert
|
0-0: Ball 1-0: Ball 2-0: Ball 3-0: Called Strike 3-1: Called Strike 3-2: Foul Ball, location: 2F 3-2: Base on Balls Marcos Villarreal to second
|
Batting: RHB Ben Morton
|
0-0: Reached on error, E5 (Groundball, 56S) Marcos Villarreal to third Lowie van den Bogaert to second
|
Batting: LHB António Cedeño
|
0-0: Called Strike 0-1: Foul Ball, location: 2F 0-2: Grounds into fielders choice 3-2 (Groundball, 3) Lowie van den Bogaert to third Ben Morton to second
|
Batting: RHB Lawrence Yates
|
0-0: Foul Ball, location: 2F 0-1: Ball 1-1: Swinging Strike 1-2: Foul Ball, location: 2F 1-2: Ball 2-2: Ball 3-2: Foul Ball, location: 2F 3-2: Base on Balls Lowie van den Bogaert scores Ben Morton to third António Cedeño to second
|
Pitching: RHP Jerry Terry
|
|
Batting: LHB Mark Owens
|
0-0: Ball 1-0: Swinging Strike 1-1: Grounds into double play, 3-2-3 (Groundball, 3S)
|
Bottom of the 6th over - 1 run(s), 1 hit(s), 1 error(s), 2 left on base; Wisconsin 7 - Tuscaloosa 7 |
TOP OF THE 7TH |
Wisconsin Timber Rattlers batting - Pitching for Tuscaloosa Trout Slayers : RHP Juan Patino
|
Batting: RHB Danny Campbell
|
0-0: Ball 1-0: DOUBLE (Line Drive, 9LD)
|
Batting: SHB José López
|
0-0: Foul Ball, location: 2F 0-1: Called Strike 0-2: Ball 1-2: Strikes out swinging
|
Batting: RHB Greg King
|
0-0: Foul Ball, location: 2F 0-1: Swinging Strike 0-2: Foul Ball, location: 2F 0-2: Ball 1-2: Strikes out swinging
|
Batting: RHB Dick Slagboom
|
0-0: Swinging Strike 0-1: Ball 1-1: Foul Ball, location: 2F 1-2: Ball 2-2: Foul Ball, location: 2F 2-2: Strikes out swinging
|
Top of the 7th over - 0 run(s), 1 hit(s), 0 error(s), 1 left on base; Wisconsin 7 - Tuscaloosa 7 |
BOTTOM OF THE 7TH |
Tuscaloosa Trout Slayers batting - Pitching for Wisconsin Timber Rattlers : RHP Jerry Terry
|
Batting: LHB Ed Hart
|
0-0: Fly out, F7 (Flyball, 7)
|
Pinch Hitting: RHB José Fernández
|
0-0: Ball 1-0: Called Strike 1-1: Ball 2-1: Swinging Strike 2-2: SINGLE (Groundball, 6D)
|
Pinch Hitting: LHB Albert Morgan
|
0-0: Swinging Strike 0-1: Ball 1-1: Ball 2-1: DOUBLE (Line Drive, 78D) José Fernández to third
|
Pitching: RHP John Thompson
|
|
Batting: LHB Marcos Villarreal
|
0-0: Intentional Walk
|
Pinch Hitting: LHB Miguel Rosa
|
0-0: Foul Ball, location: 2F 0-1: Foul Ball, location: 2F 0-2: Grounds into double play, 4-2-3 (Groundball, 34)
|
Bottom of the 7th over - 0 run(s), 2 hit(s), 0 error(s), 2 left on base; Wisconsin 7 - Tuscaloosa 7 |
TOP OF THE 8TH |
Wisconsin Timber Rattlers batting - Pitching for Tuscaloosa Trout Slayers : RHP Juan Patino
|
Now at 3B: Wilford Lush
|
|
Now at SS: Tetsunori Ito
|
|
Now in RF: Albert Morgan
|
|
Batting: LHB George Smith
|
0-0: Ball 1-0: Ball 2-0: Ball 3-0: Base on Balls
|
Pitching: RHP Jesús Ramos
|
|
Batting: RHB Vicente Vélez
|
0-0: Ball 1-0: Foul Ball, location: 2F 1-1: Swinging Strike 1-2: Fly out, F9 (Flyball, 9LMF)
|
Batting: RHB Bailey Ramsey
|
0-0: DOUBLE (Line Drive, 78XD) George Smith to third Runner from 3rd tries for Home, SAFE, throw made at trailing runner, SAFE at third!
|
Batting: RHB Fraser Stanton
|
0-0: Called Strike 0-1: Swinging Strike 0-2: Ball 1-2: Ball 2-2: Strikes out swinging
|
Batting: RHB William Farmer
|
0-0: Ground out U3 (Groundball, 34)
|
Top of the 8th over - 1 run(s), 1 hit(s), 0 error(s), 1 left on base; Wisconsin 8 - Tuscaloosa 7 |
BOTTOM OF THE 8TH |
Tuscaloosa Trout Slayers batting - Pitching for Wisconsin Timber Rattlers : RHP John Thompson
|
Pitching: RHP Manuel González
|
|
Batting: RHB Ben Morton
|
0-0: Called Strike 0-1: Ball 1-1: Foul Ball, location: 2F 1-2: Ball 2-2: Ball 3-2: SINGLE (Flyball, 8RS)
|
Batting: LHB António Cedeño
|
0-0: Called Strike 0-1: Ball 1-1: Ball 2-1: Fly out, F9 (Flyball, 9LD)
|
Batting: RHB Lawrence Yates
|
0-0: Fly out, F7 (Flyball, 7)
|
Batting: LHB Mark Owens
|
0-0: Called Strike 0-1: Fielders Choice at 2nd, 4-6 (Groundball, 4)
|
Bottom of the 8th over - 0 run(s), 1 hit(s), 0 error(s), 0 left on base; Wisconsin 8 - Tuscaloosa 7 |
TOP OF THE 9TH |
Wisconsin Timber Rattlers batting - Pitching for Tuscaloosa Trout Slayers : RHP Jesús Ramos
|
Pitching: RHP John Charles
|
|
Batting: RHB Danny Campbell
|
0-0: Called Strike 0-1: Foul Ball, location: 2F 0-2: Foul Ball, location: 2F 0-2: Strikes out looking
|
Batting: SHB José López
|
0-0: Called Strike 0-1: Foul Ball, location: 2F 0-2: Foul Ball, location: 2F 0-2: Strikes out swinging
|
Batting: RHB Greg King
|
0-0: Ball 1-0: Called Strike 1-1: Ball 2-1: Fly out, F7 (Flyball, 78M)
|
Top of the 9th over - 0 run(s), 0 hit(s), 0 error(s), 0 left on base; Wisconsin 8 - Tuscaloosa 7 |
BOTTOM OF THE 9TH |
Tuscaloosa Trout Slayers batting - Pitching for Wisconsin Timber Rattlers : RHP Manuel González
|
Pitching: LHP Sergio Vargas
|
|
Pinch Hitting: RHB César Reyes
|
0-0: Ball 1-0: Called Strike 1-1: Called Strike 1-2: Fly out, F8 (Flyball, 8LS)
|
Pinch Hitting: RHB Satoru Daikawa
|
0-0: Ball 1-0: Called Strike 1-1: Foul Ball, location: 2F 1-2: Ball 2-2: SINGLE (Groundball, 6MD)
|
Batting: LHB Albert Morgan
|
0-0: Called Strike 0-1: Swinging Strike 0-2: Ball 1-2: Ball 2-2: Ball 3-2: DOUBLE (Line Drive, 89M) Satoru Daikawa to third Runner from 3rd tries for Home, SAFE, throw made home
|
Batting: LHB Marcos Villarreal
|
0-0: Intentional Walk
|
Pinch Hitting: RHB Jason Saunders
|
0-0: Swinging Strike 0-1: Ball 1-1: Foul Ball, location: 2F 1-2: Ball 2-2: Foul Ball, location: 2F 2-2: Foul Ball, location: 2F 2-2: Foul Ball, location: 2F 2-2: SINGLE (Groundball, 34D) Albert Morgan to third Marcos Villarreal to second Runner from 3rd tries for Home, SAFE, throw made home
|
Thursday, March 30th, 2017 - OOTP Baseball 17.12 Build 75
|
|